Map: Honorgrounds LE

Players

Musumeci - Winner!

  • Race: Zerg Zerg
  • League: Diamond
  • Spawn Location: 7:00

LarryDane

  • Race: Terran Terran
  • League: Diamond
  • Spawn Location: 5:00

VOD

Have the link to the VOD?

Description

Time

  • Played on: March 12, 2017, 8:11 a.m.
  • Length: 16:49
Show
View Real Time Build Order
Export as new Build Order

Musumeci Zerg - Winner!

Build Orders: Hatch First 

Get SALT Encoding   

  12  0:02  Drone  
  13  0:08  Drone  
  14  0:15  Drone, Extractor  
  15  0:41  Hatchery  
  14  0:47  Extractor  
  14  0:48  Drone  
  15  1:22  Spawning Pool  
  15  1:23  Overlord  
  14  1:26  Drone, Extractor x2  
  15  1:42  Drone x2  
  17  1:58  Drone x2  
  19  2:02  Drone  
  19  2:04  Drone  
  21  2:08  Queen x2  
  21  2:11  Overlord  
  21  2:15  Drone  
  27  2:22  Drone  
  26  2:38  Drone  
  26  2:40  Drone  
  26  2:44  Queen x2, Overlord  
  33  2:51  Drone x2  
  33  2:55  Drone  
  35  2:59  Drone  
  35  3:05  Overlord  
  36  3:08  Drone  
  37  3:26  Drone x6  
  43  3:28  Extractor  
  42  3:36  Extractor  
  42  3:38  Roach Warren  
  42  3:39  Drone x3  
  43  3:47  Drone  
  44  3:58  Drone x7  
  44  3:59  Drone  
  52  4:05  Overlord  
  52  4:06  Hatchery  
  51  4:27  Drone x2  
  51  4:28  Drone  
  51  4:29  Extractor  
  51  4:30  Roach x2  
  57  4:31  Roach  
  59  4:39  Evolution Chamber x2, Overlord  
  59  4:41  Roach  
  59  5:00  Spore Crawler x2  
  59  5:01  Spore Crawler  
  59  5:04  Overlord x3  
  59  5:05  Spore Crawler  
  59  5:06  Spore Crawler  
  54  5:30  Drone x3  
  54  5:31  Extractor  
  54  5:33  Zerg Missile Weapons Level 1  
  54  5:34  Zerg Ground Armor Level 1  
  54  5:35  Lair  
  56  5:37  Drone x8  
  56  5:38  Drone x3  
  56  5:39  Overlord  
  63  5:52  Roach  
  63  5:53  Roach x5  
  73  6:32  Queen x2  
  75  6:37  Drone  
  75  6:38  Drone x6  
  75  6:39  Drone  
  85  6:41  Drone x3, Extractor  
  85  6:42  Drone x2  
  85  6:43  Drone  
  85  6:44  Extractor  
  89  6:58  Glial Reconstitution  
  89  7:03  Queen  
  89  7:04  Spore Crawler  
  89  7:07  Spore Crawler  
  89  7:08  Spore Crawler  
  88  7:16  Ravager  
  88  7:17  Ravager  
  88  7:19  Overlord x5  
  91  7:38  Hatchery  
  91  7:39  Roach x14  
  91  7:40  Roach  
  120  7:52  Roach x5  
  130  8:03  Overlord x3  
  130  8:19  Zerg Missile Weapons Level 2  
  130  8:21  Zerg Ground Armor Level 2  
  130  8:23  Ravager x5  
  130  8:24  Ravager x10  
  130  8:26  Roach  
  147  8:32  Drone  
  148  8:48  Extractor  
  147  8:49  Extractor  
  146  8:58  Roach x7  
  146  8:59  Overlord  
  146  9:00  Overlord x5  
  160  9:07  Overlord  
  160  9:16  Infestation Pit  
  157  9:39  Ravager x9  
  157  9:40  Ravager x3  
  157  9:41  Roach x2  
  157  9:43  Drone x3  
  157  9:44  Drone x2  
  157  9:45  Drone  
  179  9:46  Drone x9  
  179  9:49  Drone x4  
  192  9:54  Hive  
  142  10:36  Roach x4  
  142  10:37  Roach x20  
  190  11:04  Roach x5  
  200  11:08  Zerg Missile Weapons Level 3, Zerg Ground Armor Level 3  
  197  11:29  Ravager x3  
  200  11:38  Ravager  
  168  12:25  Ravager x9  
  174  12:42  Roach x9  
  174  12:43  Roach x4  
  195  12:52  Roach x2  
  176  13:21  Ravager x7  
  176  13:22  Ravager x6  
  177  13:43  Roach x11  
  185  14:15  Roach  
  185  14:16  Roach x6  
  171  14:41  Roach  
  171  14:42  Roach x15  
  171  14:44  Ravager x7  
  190  14:53  Ravager x3  
  173  15:35  Roach x3  
  173  15:36  Roach x9  
  173  15:38  Ravager x11  
Show
View Real Time Build Order
Export as new Build Order

LarryDane Terran 

Build Orders: Reaper Expand, MMM Bio 

Get SALT Encoding   

  12  0:01  SCV  
  13  0:13  SCV  
  14  0:19  Supply Depot  
  14  0:25  SCV  
  15  0:40  SCV  
  15  0:42  Barracks  
  16  0:47  Refinery  
  16  0:52  SCV  
  17  1:04  SCV  
  18  1:17  SCV  
  19  1:29  Orbital Command  
  19  1:42  Command Center  
  19  1:44  Reaper  
  20  1:55  Barracks  
  20  1:59  SCV  
  21  2:07  Supply Depot  
  21  2:11  SCV  
  22  2:16  Refinery  
  22  2:18  Barracks Reactor  
  22  2:24  SCV  
  23  2:34  Supply Depot  
  23  2:36  SCV  
  24  2:43  Barracks Tech Lab  
  24  2:48  Factory  
  24  2:54  Marine x2  
  24  2:56  SCV  
  27  3:04  Orbital Command  
  27  3:09  Stimpack  
  27  3:13  Marine  
  27  3:16  Marine  
  29  3:22  SCV, Marine  
  31  3:34  Marine x2  
  30  3:35  Factory Reactor  
  32  3:43  Starport  
  32  3:45  SCV  
  33  3:48  SCV  
  33  3:51  Marine  
  35  3:57  SCV  
  35  4:00  Marine  
  35  4:02  Marine  
  38  4:06  SCV  
  38  4:09  Marauder  
  41  4:13  SCV  
  42  4:18  Marine  
  42  4:19  SCV, Marine  
  42  4:23  Supply Depot  
  45  4:26  Medivac x2  
  45  4:29  Factory Reactor  
  45  4:30  SCV, Marine  
  51  4:35  Marine  
  51  4:37  Marine  
  53  4:39  Supply Depot  
  54  4:45  SCV  
  54  4:46  SCV  
  54  4:48  Supply Depot  
  54  4:52  Marine  
  55  4:53  Marine  
  55  4:56  Medivac x2  
  61  5:05  Marine  
  61  5:06  SCV  
  61  5:07  SCV  
  64  5:10  Marine  
  64  5:12  Combat Shields  
  65  5:19  Command Center  
  64  5:22  Factory Reactor  
  64  5:23  Engineering Bay  
  64  5:26  SCV, Engineering Bay  
  64  5:27  SCV  
  66  5:28  Marine  
  66  5:29  Marine  
  66  5:34  Supply Depot  
  68  5:36  Marine  
  68  5:39  SCV  
  70  5:46  Marine  
  70  5:49  Marine  
  72  5:54  Marine  
  73  6:00  SCV x2  
  75  6:07  Barracks  
  75  6:12  Marauder, SCV, Barracks  
  75  6:13  SCV  
  71  6:28  Marine x2  
  71  6:29  SCV  
  64  6:33  Marine, Medivac x2  
  64  6:34  Widow Mine x2  
  64  6:39  Barracks  
  73  6:45  Marine  
  73  6:46  Marine  
  75  6:47  SCV  
  75  6:48  SCV  
  75  6:50  Terran Infantry Armor Level 1, Terran Infantry Weapons Level 1  
  75  6:51  Marine  
  78  6:56  Orbital Command  
  78  6:57  Marine  
  78  7:00  SCV x2  
  81  7:03  Marine x2  
  81  7:06  Armory  
  83  7:08  Marine  
  83  7:09  Marine  
  83  7:10  Marine  
  83  7:12  SCV  
  83  7:15  Marine  
  88  7:21  Marine x2  
  88  7:22  SCV x2  
  92  7:24  SCV  
  92  7:28  Marine x3  
  92  7:29  Command Center  
  96  7:32  Marine  
  96  7:35  Barracks Tech Lab  
  97  7:39  Barracks  
  97  7:41  Refinery  
  97  7:45  SCV x3, Marine  
  97  7:48  Refinery  
  101  7:51  Marine  
  101  7:52  Marauder  
  101  7:54  Supply Depot x2  
  101  7:56  Terran Vehicle Weapons Level 1  
  101  7:58  Barracks Reactor, Supply Depot  
  104  8:02  SCV x3, Marine x2  
  109  8:11  Bunker  
  109  8:14  Supply Depot  
  109  8:15  Marine x3, Medivac x2  
  109  8:18  Supply Depot  
  116  8:20  Supply Depot  
  116  8:26  Barracks  
  116  8:29  Barracks Reactor  
  116  8:32  Marine  
  116  8:33  Marauder, Marine x2  
  116  8:34  Marauder  
  123  8:35  Widow Mine  
  123  8:36  Widow Mine  
  123  8:37  SCV x2  
  123  8:38  SCV  
  130  8:42  Refinery  
  130  8:44  Marine  
  130  8:47  Refinery, Medivac  
  130  8:48  Marine x2  
  133  8:50  Marine  
  133  8:53  SCV x2  
  133  8:54  Marauder  
  140  9:05  Terran Infantry Weapons Level 2  
  140  9:06  Command Center  
  140  9:11  Marine x2  
  140  9:12  Marauder  
  144  9:21  Barracks Reactor, Marine x2  
  144  9:22  Marine x4  
  144  9:23  Marauder  
  152  9:29  Marine  
  150  9:33  Marauder  
  150  9:37  Concussive Shells  
  150  9:38  Marine x2  
  152  9:39  SCV x2  
  152  9:44  Marauder  
  157  9:46  Marine x3  
  157  9:47  Marine x2  
  157  9:48  Planetary Fortress  
  157  9:50  Terran Infantry Armor Level 2  
  162  9:55  Marauder  
  162  9:57  Marine x3  
  162  9:58  Marine  
  168  10:02  Medivac, Supply Depot  
  168  10:05  Marauder  
  170  10:16  Marauder  
  158  10:22  Marine x2  
  158  10:23  Marine x4  
  158  10:24  Marine x2  
  158  10:25  Supply Depot  
  158  10:27  Marauder  
  157  10:33  Marine x2  
  138  10:38  Marauder  
  138  10:40  Marine x3  
  138  10:41  Marine x4  
  141  10:47  Barracks  
  141  10:48  Marauder  
  143  10:52  Barracks  
  143  10:54  Barracks  
  143  10:57  Marine x3  
  143  10:58  Marine  
  143  10:59  Marauder, Medivac  
  143  11:01  Medivac  
  153  11:08  Refinery  
  153  11:09  Marauder  
  153  11:10  Marine x3  
  158  11:12  Refinery  
  158  11:20  Marauder  
  158  11:22  Marine  
  158  11:23  Marine  
  149  11:29  Marine x4  
  149  11:30  Marine x2  
  149  11:31  Marauder  
  156  11:42  Marauder  
  123  11:52  Planetary Fortress, Marauder  
  123  11:57  Marine x2  
  123  11:58  Marine x2  
  123  12:00  Barracks Tech Lab x2  
  127  12:03  Marauder  
  127  12:06  Marine x3  
  127  12:07  Marine  
  133  12:08  Terran Infantry Weapons Level 3  
  133  12:14  Marauder  
  133  12:15  Marine x4  
  113  12:16  Marine x2  
  113  12:22  Marine x2  
  115  12:24  Marauder, Marine x4  
  115  12:25  Medivac  
  123  12:31  Terran Infantry Armor Level 3  
  123  12:35  Marauder  
  125  12:40  Marauder, Marine x4  
  125  12:41  Marauder  
  129  12:44  Marine  
  129  12:45  Marine  
  129  12:46  Marauder  
  131  12:52  Marine x3  
  131  12:53  Marine  
  131  12:56  Marauder  
  131  12:57  Marine  
  131  12:58  Marine x2  
  136  13:01  Marauder  
  136  13:02  Marauder  
  136  13:04  Marine x2  
  136  13:05  Marine  
  104  13:07  Marauder  
  104  13:10  Marine x3  
  101  13:18  Marauder  
  101  13:19  Marine  
  103  13:20  Marine x3  
  103  13:23  Marauder x2  
  108  13:29  Marauder  
  108  13:30  Marine  
  108  13:31  Marine x5  
  108  13:34  Medivac x2  
  113  13:37  Marine x2  
  113  13:38  Marine  
  113  13:39  Marauder  
  117  13:44  Marauder  
  117  13:45  Marauder  
  120  13:50  Marauder  
  120  13:55  Marine x2  
  122  14:01  Marauder  
  123  14:04  Medivac x2  
  123  14:06  Marauder x2  
  124  14:10  Marine x2  
  124  14:11  Marauder, Marine x3  
  131  14:22  Marauder  
  124  14:27  Marauder  
  124  14:28  Marauder  
  124  14:30  Marine  
  124  14:31  Marine x2  
  120  14:33  Marauder  
  120  14:34  Medivac x2  
  112  14:48  Marauder, Marine x5  
  112  14:49  Marauder x2, Marine x3  
  112  14:54  Marauder  
  112  14:57  Orbital Command  
  112  14:59  Marine  
  108  15:00  Marine  
  108  15:03  Medivac  
  108  15:05  Marine  
  108  15:10  Marauder  
  108  15:12  Marine x4  
  108  15:13  Marauder x2  
  118  15:16  Medivac  
  95  15:36  Marine x2  
  95  15:37  Marauder, Marine x3  
Tags
 
Add a new tag
Caveats
  • Supply blocks, unpowered buildings, or Contaminate may cause inaccurate times.
  • Supply counts are checked every 10 seconds.